 Dungeon Crawl Stone Soup version 0.31.0-11-ge490571c62 (webtiles) character file.

Game seed: 16099617073195529656

216 Rassilon the Insei (level 5, 0/41 (42) HPs)
             Began as a Demonspawn Monk on Feb 2, 2024.
             Slain by Eustachio
             ... wielding a +1 rapier of draining
              (3 damage)
             ... on level 4 of the Dungeon.
             The game lasted 00:10:01 (2821 turns).

Rassilon the Insei (Demonspawn Monk)                Turns: 2821, Time: 00:10:02

HP:   0/41 (42)     AC:  6    Str: 14    XL:     5   Next: 61%
MP:   5/5           EV: 13    Int: 10    God:
Gold: 222           SH:  0    Dex: 15    Spells: 1/4 levels left

rFire   . .          .
                       - Unarmed
rCold   . . .        (no shield)
rNeg    . . .        q - +0 leather armour
rPois   .            (no helmet)
rElec   .            (no cloak)
rCorr   .            p - +2 pair of gloves
SInv    +            (no boots)
Will    .....        (no amulet)
Stlth   +            l - ring of see invisible
HPRegen 0.26/turn    (no ring)
MPRegen 0.09/turn

%: no passive effects
@: lightly drained
A: ignite blood 1, powered by pain 2
a: no special abilities


You were on level 4 of the Dungeon.
You visited 1 branch of the dungeon, and saw 4 of its levels.

You collected 222 gold pieces.

Inventory:

Missiles
 i - a throwing net
 j - 11 boomerangs (quivered)
Armour
 p - a +2 pair of gloves (worn)
 q - a +0 leather armour (worn)
Jewellery
 l - a ring of see invisible (left hand)
Scrolls
 a - a scroll of vulnerability
 e - a scroll of immolation
 h - 2 scrolls of identify
 m - a scroll of fog
 n - a scroll of noise
 o - 2 scrolls of poison {unknown}
Potions
 b - 2 potions of ambrosia
 d - a potion of attraction
 f - a potion of haste
 g - 2 potions of curing
 k - a potion of lignification


   Skills:
 + Level 4.1 Fighting
 + Level 3.7 Dodging
 * Level 4.5 Unarmed Combat


You had one spell level left.
You knew the following spells:

 Your Spells              Type           Power      Damage    Failure   Level
a - Call Canine Familiar  Summ           0%         N/A       82%         3

Your spell library contained the following spells:

 Spells                   Type           Power      Damage    Failure   Level
 Sublimation of Blood     Necr           0%         N/A       58%         2
 Inner Flame              Hex/Fire       0%         N/A       82%         3
 Sigil of Binding         Hex            0%         N/A       82%         3
 Dimensional Bullseye     Hex/Tloc       0%         N/A       99%         4
 Flame Wave               Conj/Fire      0%         2d4       99%         4
 Petrify                  Alch/Erth      0%         N/A       99%         4
 Sticky Flame             Fire/Alch      0%         2d4       99%         4
 Irradiate                Conj/Alch      0%         3d11      100%        5


Dungeon Overview and Level Annotations

Branches:
Dungeon (4/15)
 Temple: D:4-7

Altars:
Ashenzari
Fedhas

Annotations:
D:4 Eustachio, Natasha


Innate Abilities, Weirdness & Mutations

Your demonic aura sometimes causes spilled blood to erupt in flames.
You sometimes gain power by taking damage.


Message History

The giant cockroach bites you. The ufetubus closely misses you. x2
The quokka barely misses you. The quokka completely misses you.
The ufetubus hits you but does no damage.
The ufetubus closely misses you.
The cerulean imp hits you from afar with a +0 spear.
Natasha casts a spell at you. The magic dart hits you!
* * * LOW HITPOINT WARNING * * *
The hobgoblin hits you but does no damage.
Unknown command.
You closely miss Natasha.
Natasha is moderately wounded.
The ufetubus barely misses you. x2
The ufetubus hits you but does no damage. x2
The giant cockroach misses you. The quokka bites you.
* * * LOW HITPOINT WARNING * * *
The quokka misses you. The cerulean imp barely misses you.
Natasha casts a spell.
The ufetubus closely misses you.
The ufetubus hits you but does no damage.
The ufetubus completely misses you.
The ufetubus hits you but does no damage.
The hobgoblin closely misses you.
As you read the scroll labelled JUDGHA POEPT, it crumbles to dust.
The creatures around you are filled with an inner flame!
It was a scroll of immolation.
The giant cockroach barely misses you. The quokka bites you.
* * * LOW HITPOINT WARNING * * *
The quokka bites you.
* * * LOW HITPOINT WARNING * * *
The ufetubus barely misses you. The ufetubus hits you.
* * * LOW HITPOINT WARNING * * *
The ufetubus hits you but does no damage.
The ufetubus barely misses you.
The cerulean imp hits you but does no damage.
Natasha closely misses you. The quokka barely misses you.
The hobgoblin hits you but does no damage.
Eustachio hits you with a +1 rapier of draining.
You die...
Eustachio twirls his moustache.

........≈.#...#
######§.§.#.###
##.§SS....
#§§≈≈≈≈§≈
##..§§..§.
##.........
..#####.........#
#.....hr5......##
#...5B@@$......#
#...5g5r.......#
#.....r.........
#...####.........
..## ######.... .
##..


You could see Eustachio (inner flame), Natasha (inner flame), 2 cerulean imps,
an adder (inner flame), 2 ufetubi, 2 quokkas, a giant cockroach (inner flame), a
hobgoblin (inner flame), a ball python (inner flame) and a rat (summoned, inner
flame).

Vanquished Creatures
  A bombardier beetle (D:3)
  An orc priest (D:3)
  Natasha (D:4)
  An iguana (D:4)
  An orc wizard (D:3)
  3 adders
  A dart slug (D:1)
  2 ribbon worms (D:2)
  2 orcs (D:3)
  A ball python (D:3)
  A bat (D:1)
  3 endoplasms
  A giant cockroach (D:1)
  7 hobgoblins
  3 jackals (D:2)
  3 quokkas
  A frilled lizard (D:1)
  3 goblins
  6 kobolds
  3 rats
45 creatures vanquished.

Notes
Turn   | Place    | Note
-------+----------+-------------------------------------------
     0 | D:1      | Rassilon the Demonspawn Monk began the quest for the Orb.
     0 | D:1      | Reached XP level 1. HP: 18/18 MP: 1/1
   164 | D:1      | Gained mutation: You sometimes gain a little power by
                  | taking damage. [demonic ancestry]
   164 | D:1      | Reached XP level 2. HP: 22/24 MP: 2/2
   736 | D:2      | Gained mutation: Your demonic aura sometimes causes spilled
                  | blood to erupt in flames. [demonic ancestry]
   736 | D:2      | Reached XP level 3. HP: 22/29 MP: 3/3
  1727 | D:3      | Gained mutation: You sometimes gain power by taking damage.
                  | [demonic ancestry]
  1727 | D:3      | Reached XP level 4. HP: 12/36 MP: 4/4
  1735 | D:3      | Learned a level 3 spell: Call Canine Familiar
  1886 | D:3      | HP: 1/37 [orc wizard/puff of flame (9)]
  1892 | D:3      | Reached XP level 5. HP: 3/42 MP: 5/5
  2193 | D:3      | Found a broken altar of Ashenzari.
  2549 | D:4      | Noticed Natasha
  2562 | D:4      | Killed Natasha
  2789 | D:4      | Found a blossoming altar of Fedhas.
  2801 | D:4      | Noticed Eustachio
  2804 | D:4      | Noticed Natasha
  2821 | D:4      | Slain by Eustachio

Illustrated notes

Levels and vault maps discovered:
D:1:      reono_arrival_forest_river, layout_basic, kennysheep_crisscross
D:2:      layout_basic
D:3:      layout_basic, nicolae_overflow_crystal_walls, serial_bayou_pond_a,
          kennysheep_generic_room_10
D:4:      layout_layer_cave, mainiacjoe_overflow_brackets, uniq_edmund,
          uniq_natasha, uniq_eustachio

Skill      XL: |  1  2  3  4  5 |
---------------+----------------+-----
Unarmed Combat | 3 4 |  4.5
Dodging        | 3 |  3.7
Fighting       | 4 |  4.1

Action                     |  1- 3 |  4- 6 || total
---------------------------+-------+-------++-------
  Melee: Unarmed           |   142 |    89 ||   231
         Punch             |       |     1 ||     1
  Throw: Throwing net      |     1 |       ||     1
    Use: Potion            |     2 |     1 ||     3
         Scroll            |       |     6 ||     6
   Stab: Held in net/web   |     1 |       ||     1
 Armour: Robe              |    65 |     9 ||    74
         Leather armour    |       |    67 ||    67
  Dodge: Dodged            |   106 |    98 ||   204
